 Dungeon Crawl Stone Soup version 0.28-a0-653-g7e9dba17c3 (webtiles) character file.

Game seed: 3632214295108515624

15 willcat the Sneak (level 2, -4/24 HPs)
             Began as a Human Delver on Oct 11, 2021.
             Slain by a scorpion (8 damage)
             ... on level 5 of the Dungeon.
             The game lasted 00:00:38 (307 turns).

willcat the Sneak (Human Delver)                     Turns: 307, Time: 00:00:39

Health: -4/24      AC:  5    Str: 12    XL:     2   Next: 65%
Magic:  2/2        EV: 11    Int: 10    God:
Gold:   55         SH:  0    Dex: 14    Spells: 1/1 levels left

rFire   . . .      SeeInvis .   a - +0 spear
rCold   . . .      Faith    .   (no shield)
rNeg    . . .      Spirit   .   h - +0 ring mail
rPois   .          Reflect  .   (no helmet)
rElec   .          Harm     .   (no cloak)
rCorr   .          Rampage  .   (no gloves)
Will    .....                   (no boots)
Stlth   ++........              (no amulet)
HPRegen 0.08/turn               (no ring)
MPRegen 0.08/turn               (no ring)

@: no status effects
A: no striking features
a: no special abilities


You were on level 5 of the Dungeon.
You visited 1 branch of the dungeon, and saw 1 of its levels.

You collected 55 gold pieces.

Inventory:

Hand Weapons
 a - a +0 spear (weapon)
Missiles
 j - 5 poisoned darts (quivered)
Armour
 b - a +0 leather armour
 h - a +0 ring mail (worn)
Wands
 g - a wand of digging (3)
Scrolls
 c - a scroll of fog
 d - a scroll of magic mapping
 e - a scroll of fear
Potions
 f - a potion of haste


   Skills:
 - Level 3.0 Fighting
 + Level 2.4 Polearms
 + Level 2.3 Dodging
 + Level 5.2 Stealth


You had one spell level left.
You didn't know any spells.
Your spell library was empty.

Dungeon Overview and Level Annotations

Branches:
Dungeon (5/15)
 Temple: D:4-7

Altars:


Message History

The scorpion closely misses you. The scorpion barely misses you.
Unknown command.
The scorpion looks more healthy.
The scorpion stings you but does no damage.
Throw: 9 darts (poison)
Press: ? - help, Q - select action Shift-Dir - straight line, f/p - scorpion
Aim: a scorpion (almost dead, 59% to hit)
You throw a poisoned dart.
The poisoned dart barely misses the scorpion.
The scorpion stings you!
Throw: 8 darts (poison)
Press: ? - help, Q - select action Shift-Dir - straight line, f/p - scorpion
Aim: a scorpion (almost dead, 59% to hit)
You throw a poisoned dart.
The poisoned dart closely misses the scorpion.
The scorpion stings you but does no damage.
Throw: 7 darts (poison)
Press: ? - help, Q - select action Shift-Dir - straight line, f/p - scorpion
Aim: a scorpion (almost dead, 59% to hit)
You throw a poisoned dart.
The poisoned dart barely misses the scorpion.
The scorpion stings you.
* * * LOW HITPOINT WARNING * * *
Throw: 6 darts (poison)
Press: ? - help, Q - select action Shift-Dir - straight line, f/p - scorpion
Aim: a scorpion (almost dead, 59% to hit)
You throw a poisoned dart. The poisoned dart hits the scorpion.
The scorpion is almost dead.
The scorpion barely misses you. x2
Unknown command.
You are too injured to fight recklessly!
Unknown command.
You hit the scorpion but do no damage.
The scorpion is almost dead.
The scorpion stings you but does no damage.
Unknown command.
You hit the scorpion but do no damage.
The scorpion is almost dead.
The scorpion stings you!
You die...

### .. ######## ##.#
#......# #..# ... #.####.#
#..###.# #.# #.####......#
#.# #...........## #.#
######.#..... #.####
#@##[.### #....#
#s##....### ####.#
#(....(..(### # #.#
####+##.....# # #.#
##...#.....###### #.#
##........####..## ##.##
##.(.....####......
##...####......####........
#.......'..................


You could see a scorpion.

Vanquished Creatures
  A hound zombie (D:5)
1 creature vanquished.

Vanquished Creatures (others)
  6 toadstools (D:5)
6 creatures vanquished.

Grand Total: 7 creatures vanquished

Notes
Turn   | Place    | Note
-------+----------+-------------------------------------------
     0 | D:5      | willcat the Human Delver began the quest for the Orb.
     0 | D:5      | Reached XP level 1. HP: 18/18 MP: 1/1
   128 | D:5      | Reached XP level 2. HP: 15/24 MP: 2/2
   238 | D:5      | Noticed a scorpion
   249 | D:5      | Noticed a scorpion
   307 | D:5      | Slain by a scorpion

Illustrated notes

Levels and vault maps discovered:
D:5:      cheibrodos_fertilizer, layout_loops_corners, gammafunk_ghost_arena,
          minmay_misc_feat_diagonals, minmay_misc_feat_x

Action                   || total
-------------------------++-------
Melee: Spear             ||    12
Throw: Dart              ||     7
  Use: Potion            ||     1
 Stab: Sleeping          ||     1
Armor: Ring mail         ||     6
Dodge: Dodged            ||     9

Table legend: (Time is in decaauts)
 A = Elapsed time spent in this place.
 B = Non-inter-level travel time spent in this place.
 C = Inter-level travel time spent in this place.
 D = Time resting spent in this place.
 E = Time spent auto-exploring this place.
 F = Levels seen in this place.
 G = Mean time per level.
                   A        B        C        D        E       F      G
               +--------+--------+--------+--------+--------+-----+--------+
         Total |    307 |    307 |      0 |    106 |     96 |   1 |  307.0 |
       Dungeon |    307 |    307 |      0 |    106 |     96 |   1 |  307.0 |
               +--------+--------+--------+--------+--------+-----+--------+

Top non-repeatable levels by time:
     D:5: 307 daAuts
